 Dungeon Crawl Stone Soup version 0.27-a0-909-g0721f309d1 (webtiles) character file.

Game seed: 6572182199027892328

162313 snetch the Severer (level 17, -8/156 HPs)
             Began as a Minotaur Berserker on Apr 7, 2021.
             Was a High Priest of Trog.
             Mangled by a merfolk
             ... wielding a +0 trident
              (14 damage)
             ... on level 2 of the Shoals on Apr 8, 2021.
             The game lasted 01:45:56 (26335 turns).

snetch the Severer (Minotaur Berserker)            Turns: 26335, Time: 01:45:56

Health: -8/156     AC: 26    Str: 27    XL:     17   Next: 21%
Magic:  16/16      EV: 12    Int: 10    God:    Trog [*****.]
Gold:   2727       SH: 21    Dex: 10    Spells: 16/16 levels left

rFire    + . .     SeeInvis +   a - +3 broad axe "Yfe Irot" {vamp, Int+6 Stlth-}
rCold    . . .     Faith    .   B - +2 kite shield
rNeg     . . .     Spirit   .   O - +5 chain mail {rPois}
rPois    +         Reflect  +   f - +2 hat
rElec    .         Harm     .   Z - +0 cloak
rCorr    .         Rampage  .   L - +2 pair of gloves
Will     +++..                  v - +0 pair of boots
Stlth    ..........             R - amulet of reflection
HPRegen  1.36/turn              n - ring of Qeire Teall {Fire rPois Dex-2 SInv Stlth+}
MPRegen  0.15/turn              X - ring of protection from cold

@: regenerating
A: horns 2, retaliatory headbutt
a: Renounce Religion, Berserk, Trog's Hand, Brothers in Arms


You were on level 2 of the Shoals.
You worshipped Trog.
Trog was extremely pleased with you.
You visited 5 branches of the dungeon, and saw 27 of its levels.
You visited the Abyss 1 time.
You also visited: Sewer, Bailey and Gauntlet.

You collected 3744 gold pieces.
You spent 1017 gold pieces at shops.

Inventory:

Hand Weapons
 a - the +3 broad axe "Yfe Irot" (weapon) {vamp, Int+6 Stlth-}
   (You acquired it on level 15 of the Dungeon)

   It inflicts no extra harm, but heals its wielder when it wounds a living foe.
   It affects your intelligence (+6).
   It makes you less stealthy.
 b - a +0 hand axe of flaming
Missiles
 l - 60 poisoned darts
 r - 3 javelins
 x - 5 throwing nets
 y - 15 silver javelins
 K - 66 boomerangs (quivered)
 P - 6 boomerangs of dispersal
 T - 5 silver boomerangs
 Y - a curare-tipped dart
Armour
 f - a +2 hat (worn)
 v - a +0 pair of boots (worn)
 B - a +2 kite shield (worn)
 L - a +2 pair of gloves (worn)
 O - a +5 chain mail of poison resistance (worn)
 Z - a +0 cloak (worn)
Jewellery
 n - the ring of Qeire Teall (left hand) {Fire rPois Dex-2 SInv Stlth+}
   (You found it in a Gauntlet)

   [ring of fire]

   It enhances your fire magic.
   It affects your dexterity (-2).
   It protects you from fire.
   It makes you vulnerable to cold.
   It protects you from poison.
   It lets you see invisible.
   It makes you more stealthy.
 R - an amulet of reflection (around neck)
 X - a ring of protection from cold (right hand)
Wands
 c - a wand of flame (14)
 h - a wand of random effects (21)
 k - a wand of mindburst (6)
 C - a wand of polymorph (7)
 H - a wand of acid (22)
 I - a wand of digging (4)
 Q - a wand of paralysis (24)
Scrolls
 g - 3 scrolls of magic mapping
 o - 3 scrolls of immolation
 q - 5 scrolls of vulnerability
 s - 9 scrolls of teleportation
 t - 3 scrolls of fear
 G - 5 scrolls of blinking
 J - 5 scrolls of silence
 M - 2 scrolls of fog
 N - 4 scrolls of torment
 V - 2 scrolls of holy word
Potions
 d - 2 potions of attraction
 e - 2 potions of invisibility
 i - 3 potions of flight
 p - a potion of cancellation
 u - 2 potions of mutation
 w - 3 potions of ambrosia
 z - 3 potions of haste
 D - 8 potions of curing
 E - 10 potions of heal wounds
 F - a potion of resistance
 S - a potion of lignification
 W - 3 potions of might
Miscellaneous
 j - a phantom mirror
 m - a tin of tremorstones (2/2)
 A - a phantom mirror
 U - a box of beasts


   Skills:
 + Level 15.4 Fighting
 + Level 17.7(18.9) Axes
 - Level 10.9(15.4) Maces & Flails
 + Level 6.2(13.2) Polearms
 + Level 3.2 Throwing
 + Level 13.2 Armour
 + Level 10.7 Dodging
 - Level 1.4 Stealth
 - Level 15.0 Shields


You had 16 spell levels left.
You didn't know any spells.
Your spell library contained the following spells:

 Spells                   Type           Power      Damage    Failure   Level
 Animate Skeleton         Necr           0%         N/A       83%         1
 Apportation              Tloc           0%         N/A       83%         1
 Beastly Appendage        Tmut           0%         N/A       83%         1
 Corona                   Hex            0%         N/A       83%         1
 Pain                     Necr           0%         1d4       83%         1
 Sting                    Tmut/Pois      0%         1d3       83%         1
 Summon Small Mammal      Summ           0%         N/A       83%         1
 Blink                    Tloc           N/A        N/A       92%         2
 Corpse Rot               Necr/Air       N/A        N/A       92%         2
 Poisonous Vapours        Pois/Air       0%         N/A       92%         2
 Slow                     Hex            0%         N/A       92%         2
 Sublimation of Blood     Necr           0%         N/A       92%         2
 Wereblood                Tmut           0%         N/A       92%         2
 Gell's Gravitas          Tloc           0%         N/A       99%         3
 Ignite Poison            Fire/Tmut/Pois 0%         N/A       99%         3
 Inner Flame              Hex/Fire       0%         N/A       99%         3
 Lesser Beckoning         Tloc           0%         N/A       99%         3
 Mephitic Cloud           Conj/Pois/Air  0%         N/A       99%         3
 Portal Projectile        Hex/Tloc       0%         N/A       99%         3
 Spider Form              Tmut/Pois      0%         N/A       99%         3
 Teleport Other           Tloc           0%         N/A       99%         3
 Vampiric Draining        Necr           0%         2d6       99%         3
 Animate Dead             Necr           0%         N/A       100%        4
 Cause Fear               Hex            0%         N/A       100%        4
 Dispel Undead            Necr           0%         3d6       100%        4
 Ice Form                 Ice/Tmut       0%         N/A       100%        4
 Leda's Liquefaction      Hex/Erth       0%         N/A       100%        4
 Olgreb's Toxic Radiance  Pois           0%         N/A       100%        4
 Petrify                  Tmut/Erth      0%         N/A       100%        4
 Agony                    Necr           0%         N/A       100%        5
 Excruciating Wounds      Necr           0%         N/A       100%        5
 Fireball                 Conj/Fire      0%         3d3       100%        5
 Hydra Form               Tmut           0%         N/A       100%        5
 Manifold Assault         Tloc           0%         N/A       100%        5
 Yara's Violent Unravell  Hex/Tmut       0%         3d3       100%        5
 Starburst                Conj/Fire      0%         8x6d3     100%        6
 Statue Form              Tmut/Erth      0%         N/A       100%        6


Dungeon Overview and Level Annotations

Branches:
Dungeon (15/15)            Temple (1/1) D:6            Lair (6/6) D:11
 Shoals (3/4) Lair:2        Snake (0/4) Lair:3        Slime (0/5) Lair:6
    Orc (2/2) D:10            Elf (0/3) Orc:2        Vaults (0/5) D:14
 Depths (0/5) D:15          Sewer (visited)          Bailey (visited)
Gauntlet (visited)

Altars:
Ashenzari
Cheibriados
Dithmenos
Elyvilon
Fedhas
Gozag
Hepliaklqana
Kikubaaqudgha
Makhleb
Nemelex Xobeh
Okawaru
Qazlal
Ru
Sif Muna
Trog
Uskayaw
Vehumet
Wu Jian
Xom
Yredelemnul
Zin
The Shining One
Jiyva

Shops:
D:6 ?   D:7 *   D:15 *(!   Orc:1 [   Orc:2 [:!*

Portals:
Pandemonium: Orc:2


Innate Abilities, Weirdness & Mutations

You have a pair of horns on your head.
You reflexively headbutt those who attack you in melee.


Message History

You block the harpy's attack. The merfolk barely misses you.
The merfolk hits you but does no damage.
The harpy claws you but does no damage. x2; Your ogre barely misses the harpy.
You block the merfolk aquamancer's attack.
The merfolk misses you. The harpy claws you!
* * * LOW HITPOINT WARNING * * *
You block the harpy's attack. x3; The harpy claws you but does no damage.
The harpy misses you.
Your ogre hits the merfolk with a +0 giant club!
The merfolk barely misses you. x3
The merfolk aquamancer hits you but does no damage.
You see here a harpy corpse.
You closely miss the merfolk aquamancer.
The merfolk aquamancer is moderately wounded.
You hit the harpy. You barely miss the sea snake. You slash the harpy!
The harpy claws you but does no damage. You block the harpy's attack.
You block the sea snake's attack. You block the harpy's attack. x2
Your ogre closely misses the merfolk.
The merfolk hits you but does no damage.
The merfolk closely misses you. You block the harpy's attack.
The harpy claws you but does no damage.
You slice the harpy!!
You feel better.
You headbutt the harpy.
The harpy is almost dead.
You hit the merfolk aquamancer. You slice the harpy!!
You closely miss the sea snake. You slash the harpy!
You kill the harpy!
Trog accepts your kill. You block the harpy's attack.
The harpy barely misses you. You block the harpy's attack.
The harpy claws you but does no damage. The sea snake barely misses you.
The merfolk aquamancer points at you and mumbles some strange words.
The shard of ice hits you!!
* * * LOW HITPOINT WARNING * * *
You block the merfolk's attack.
Your ogre hits the merfolk with a +0 giant club!!
The merfolk hits you from afar with a +0 trident.
* * * LOW HITPOINT WARNING * * *
The merfolk hits you from afar with a +0 trident!
You die...

≈≈≈≈≈≈≈≈....
≈≈≈≈≈≈.....
≈≈≈≈≈...(..
.≈≈≈≈≈....
.≈≈≈≈≈≈≈.##
.≈.≈≈≈≈../# #.
≈..≈≈≈.mm.###...
≈≈≈≈
≈≈≈.≈≈.m$.O.....
≈≈≈≈
..≈.≈≈≈@Hmm....≈
≈≈≈≈
...≈≈..S†.≈≈.≈≈≈
≈≈≈≈
##.....H≈.≈≈.≈≈≈
≈≈≈≈
#.....≈..##..≈≈
≈≈≈≈ ##......##
≈≈≈ ≈.≈≈
...###... ≈≈ ≈≈
# .... #... ≈
≈≈≈≈≈ .# ...
..... ≈≈≈≈≈≈
....≈ ≈≈≈≈≈.


You could see a sea snake, a merfolk aquamancer, 4 merfolk, 2 harpies and a
friendly ogre (summoned, berserk).

Vanquished Creatures
  Roxanne (D:15)
  An orc warlord (Bailey)
  A dire elephant (Lair:6)
  2 ettins (Orc:2)
  2 merfolk avatars
  2 boulder beetles
  2 ice dragons (D:15)
  2 catoblepae
  5 centaur warriors
  8 hydras
  A death knight (D:15)
  3 two-headed ogres
  2 dancing weapons (D:14)
  5 death yaks (Lair:4)
  A tengu warrior (D:15)
  2 sun demons (Orc:2)
  11 skeletal warriors
  A torturous demonspawn (Orc:2)
  An infernal demonspawn (Orc:2)
  2 sea snakes (Shoals:1)
  4 harpies
  An orange crystal statue (Gauntlet)
  2 orc knights
  2 deep elf pyromancers
  6 ugly things
  An oklob plant (D:11)
  7 orc sorcerers
  9 manticores
  3 fauns (Shoals:1)
  A water nymph (Shoals:2)
  7 cyclopes
  2 merfolk sirens (Shoals:1)
  10 elephants
  4 black mambas
  A guardian serpent (Lair:3)
  4 gargoyles
  9 cane toads
  10 rime drakes
  2 unseen horrors
  2 tengu conjurers (D:15)
  8 komodo dragons
  7 trolls
  15 slime creatures
  A large abomination (Abyss:1)
  4 hornets (Lair:6)
  6 polar bears
  A wind drake (Lair:2)
  A small abomination (Abyss:1)
  A merfolk (Shoals:1)
  12 blink frogs
  A snapping turtle (Shoals:1)
  4 centaur simulacra (Gauntlet)
  An ettin skeleton (Abyss:1)
  Eustachio (D:4)
  2 water elementals (Shoals:2)
  2 wraiths (D:11)
  73 yaks
  7 wyverns
  2 shadows
  Grum (D:8)
  5 basilisks
  3 steam dragons
  3 wargs
  29 water moccasins
  2 acid dragons
  33 orc warriors
  Purgy (Sewer)
  A black bear (Lair:1)
  9 necrophages
  3 ice beasts
  6 centaurs
  13 ogres
  34 wolves
  Blork the orc (D:4)
  3 kobold brigands
  12 bullfrogs
  3 scorpions
  A gnoll sergeant (D:11)
  A hornet simulacrum (Gauntlet)
  11 killer bees
  2 electric eels (Lair:3)
  4 wights
  3 howler monkeys
  4 centaur zombies
  5 jellies
  2 hounds (D:5)
  19 orc priests
  3 bullfrog skeletons
  An iron imp (Abyss:1)
  A centaur skeleton (D:7)
  Jessica (D:2)
  3 iguanas (D:5)
  17 orc wizards
  A howler monkey zombie (D:9)
  10 gnolls
  8 adders
  A howler monkey skeleton (D:6)
  A shadow imp (D:8)
  3 worms
  3 dart slugs
  73 orcs
  6 bats
  13 endoplasms
  3 giant cockroaches
  11 goblins
  8 hobgoblins
  6 jackals
  32 kobolds
  3 quokkas
  4 ball pythons
  7 frilled lizards (Sewer)
  6 rats
730 creatures vanquished.

Vanquished Creatures (collateral kills)
  A minotaur (Gauntlet)
  The ghost of Dvallin the Carver, a journeyman HuMo of Trog (D:10)
  A two-headed ogre (D:9)
  3 orc high priests (Orc:2)
  A sixfirhy (Orc:2)
  4 orc knights (Orc:2)
  2 orc sorcerers (Orc:2)
  A smoke demon (Orc:2)
  2 yaks (D:9)
  6 orc warriors (Orc:2)
  3 orc priests (Orc:2)
  3 orcs (Orc:2)
28 creatures vanquished.

Vanquished Creatures (others)
  14 fungi
  50 plants
  4 withered plants (Gauntlet)
68 creatures vanquished.

Grand Total: 826 creatures vanquished

Notes
Turn   | Place    | Note
-------+----------+-------------------------------------------
     0 | D:1      | snetch the Minotaur Berserker began the quest for the Orb.
     0 | D:1      | Reached XP level 1. HP: 19/19 MP: 0/0
   173 | D:1      | Found a faded altar of an unknown god.
   250 | D:1      | Reached skill level 4 in Axes
   462 | D:1      | Reached XP level 2. HP: 27/27 MP: 1/1
   891 | D:3      | Reached XP level 3. HP: 32/33 MP: 2/2
  1000 | D:3      | Found a glowing drain.
  1005 | Sewer    | Entered a sewer
  1014 | Sewer    | Reached ** piety under Trog
  1094 | Sewer    | Noticed Purgy
  1103 | Sewer    | Killed Purgy
  1104 | Sewer    | Reached skill level 5 in Axes
  1104 | Sewer    | Reached XP level 4. HP: 41/41 MP: 3/3
  1104 | Sewer    | Reached XP level 5. HP: 47/47 MP: 4/4
  1315 | D:2      | Noticed a steam dragon
  1328 | D:2      | Killed a steam dragon
  1331 | D:2      | Reached XP level 6. HP: 4/53 MP: 5/5
  1331 | D:2      | HP: 3/79 [poisoned by an adder]
  1333 | D:2      | HP: 1/53 [poisoned by an adder]
  1720 | D:2      | Noticed Jessica
  1728 | D:2      | Killed Jessica
  2041 | D:3      | Reached skill level 6 in Axes
  2318 | D:3      | Found a sacrificial altar of Ru.
  2705 | D:4      | Noticed Blork the orc
  2715 | D:4      | Killed Blork the orc
  2716 | D:4      | Reached skill level 5 in Fighting
  2716 | D:4      | Reached skill level 1 in Maces & Flails
  2716 | D:4      | Reached skill level 1 in Stealth
  2716 | D:4      | Reached XP level 7. HP: 50/61 MP: 6/6
  2883 | D:3      | Found a faded altar of an unknown god.
  2883 | D:3      | Found a radiant altar of Vehumet.
  2893 | D:3      | Found a broken altar of Ashenzari.
  2895 | D:3      | Found a faded altar of an unknown god.
  2897 | D:3      | Found a blossoming altar of Fedhas.
  3102 | D:4      | Noticed Eustachio
  3114 | D:4      | Killed Eustachio
  3114 | D:4      | Reached *** piety under Trog
  3347 | D:4      | Found a hide-covered altar of Uskayaw.
  3397 | D:5      | Entered Level 5 of the Dungeon
  3435 | D:4      | Found a shadowy altar of Dithmenos.
  3490 | D:4      | Found a glowing golden altar of the Shining One.
  3569 | D:4      | Reached skill level 5 in Shields
  3670 | D:5      | Reached XP level 8. HP: 64/68 MP: 7/7
  4196 | D:5      | Reached skill level 5 in Maces & Flails
  4740 | D:5      | Identified the +2 scale mail of the Land of Plenty {Str+4}
  4967 | D:6      | Reached skill level 7 in Axes
  5037 | D:7      | Cast into level 1 of the Abyss (orc wizard)
  5037 | Abyss:1  | Found a corrupted altar of Lugonu.
  5080 | Abyss:1  | Reached skill level 5 in Armour
  5128 | Abyss:1  | Noticed a small abomination
  5133 | Abyss:1  | Killed a small abomination
  5134 | Abyss:1  | Reached XP level 9. HP: 74/75 MP: 8/8
  5147 | Abyss:1  | Noticed a large abomination
  5164 | Abyss:1  | Killed a large abomination
  5169 | D:7      | Escaped the Abyss
  5429 | D:6      | Found Zaon's Magic Scroll Emporium.
  5435 | D:6      | Bought a scroll of fear for 49 gold pieces
  5435 | D:6      | Bought a scroll of identify for 28 gold pieces
  5527 | D:6      | Found a glowing silver altar of Zin.
  5669 | D:6      | Found a staircase to the Ecumenical Temple.
  5675 | Temple   | Entered the Ecumenical Temple
  5947 | D:7      | Found Zyel's General Store.
  6381 | D:7      | Reached skill level 5 in Dodging
  6511 | D:7      | Found a hazy altar of Hepliaklqana.
  6618 | D:8      | Found an ancient bone altar of Kikubaaqudgha.
  6830 | D:8      | Reached **** piety under Trog
  7167 | D:8      | Noticed Grum
  7188 | D:8      | Killed Grum
  7333 | D:8      | Found an ornate altar of the Wu Jian Council.
  7366 | D:8      | Noticed a white ugly thing
  7380 | D:8      | Killed a white ugly thing
  7381 | D:8      | Reached XP level 10. HP: 58/86 MP: 9/9
  7683 | D:9      | Noticed a centaur warrior
  7695 | D:9      | Killed a centaur warrior
  7709 | D:9      | Identified the +2 hunting sling of Action {venom, Will-
                  | Dex+5}
  7717 | D:9      | Noticed a two-headed ogre
  7729 | D:9      | Killed a two-headed ogre
  7730 | D:9      | Reached skill level 10 in Shields
  7744 | D:9      | Reached skill level 10 in Maces & Flails
  7754 | D:9      | Noticed a centaur warrior
  7768 | D:9      | Killed a centaur warrior
  7786 | D:9      | Noticed a catoblepas
  7833 | D:9      | Killed a catoblepas
  7834 | D:9      | Reached XP level 11. HP: 45/94 MP: 10/10
  8058 | D:9      | Noticed a two-headed ogre
  8086 | D:9      | Killed a two-headed ogre
  8244 | D:10     | Entered Level 10 of the Dungeon
  8277 | D:10     | Found a flagged portal.
  8284 | Bailey   | Entered a bailey
  8303 | Bailey   | Noticed an orc warlord
  8386 | Bailey   | Reached skill level 1 in Polearms
  8408 | Bailey   | Found a runed translucent gate.
  8410 | Bailey   | Found a runed translucent gate.
  8483 | Bailey   | Noticed an orc knight
  8506 | Bailey   | Killed an orc knight
  8654 | Bailey   | Found a runed translucent gate.
  8743 | Bailey   | Killed an orc warlord
  8744 | Bailey   | Reached skill level 1 in Throwing
  9527 | D:9      | Noticed a two-headed ogre
  9534 | D:9      | Killed a two-headed ogre
  9715 | D:10     | Reached skill level 5 in Polearms
  9885 | D:9      | Found an opulent altar of Gozag.
 10231 | D:10     | Found a stormy altar of Qazlal.
 10295 | D:10     | Found a runed translucent door.
 10295 | D:10     | Noticed Dvallin's ghost (journeyman HuMo)
 10475 | D:10     | Found a staircase to the Orcish Mines.
 10704 | D:10     | Reached ***** piety under Trog
 10841 | D:10     | Killed Dvallin's ghost
 10842 | D:10     | Reached XP level 12. HP: 92/103 MP: 11/11
 10905 | Orc:1    | Entered Level 1 of the Orcish Mines
 11027 | D:10     | Upgraded the game from 0.27-a0-906-g0a00ce863d to
                  | 0.27-a0-909-g0721f309d1
 11068 | D:11     | Noticed a two-headed ogre
 11072 | D:11     | Killed a two-headed ogre
 11247 | D:11     | Found a staircase to the Lair.
 11319 | D:11     | Reached skill level 8 in Axes
 11319 | D:11     | Paralysed by an orc for 3 turns
 11788 | D:11     | Reached skill level 9 in Axes
 11884 | D:11     | Found a shimmering blue altar of Sif Muna.
 12068 | D:11     | Identified Sif Muna's Disquisition on Dark Rituals
 12078 | D:12     | Reached skill level 10 in Axes
 12630 | D:12     | Reached skill level 11 in Axes
 13287 | D:13     | Noticed a centaur warrior
 13306 | D:13     | Killed a centaur warrior
 13307 | D:13     | Reached XP level 13. HP: 102/113 MP: 12/12
 13366 | D:13     | Reached skill level 10 in Fighting
 13598 | D:13     | Found a white marble altar of Elyvilon.
 13625 | D:13     | Reached skill level 12 in Axes
 13746 | D:13     | Received a gift from Trog
 14147 | D:14     | Reached skill level 10 in Armour
 14147 | D:14     | Reached XP level 14. HP: 124/124 MP: 13/13
 14148 | D:14     | Reached XP level 15. HP: 132/132 MP: 14/14
 14154 | D:14     | Found a gate to the Vaults.
 14365 | D:14     | Reached skill level 10 in Dodging
 14600 | D:15     | Entered Level 15 of the Dungeon
 15167 | D:15     | Found Fefuocw's Assorted Antiques.
 15167 | D:15     | Identified Roxanne's Compendium of Changing
 15167 | D:15     | Noticed Roxanne
 15195 | D:15     | Killed Roxanne
 15319 | D:15     | Reached skill level 13 in Axes
 15678 | D:15     | Found Hyt Naop's Distillery.
 15681 | D:15     | Bought a potion of attraction for 39 gold pieces
 15681 | D:15     | Bought a potion of curing for 39 gold pieces
 15681 | D:15     | Bought a potion of might for 52 gold pieces
 15971 | D:15     | Found Loypiuc's Weapon Emporium.
 16069 | D:15     | Found a staircase to the Depths.
 16343 | D:15     | Identified a scroll of acquirement
 16921 | D:15     | Bought a brown potion for 26 gold pieces
 16921 | D:15     | Acquired the +3 broad axe "Yfe Irot" {vamp, Int+6 Stlth-}
 17233 | Orc:2    | Entered Level 2 of the Orcish Mines
 17318 | Orc:2    | Received a gift from Trog
 17629 | Orc:2    | Found a staircase to the Elven Halls.
 17664 | Orc:2    | Reached skill level 14 in Axes
 18011 | Orc:2    | Found Folebef's General Store.
 18012 | Orc:2    | Found Ixiaffow's Distillery.
 18424 | Orc:2    | Reached XP level 16. HP: 86/143 MP: 15/15
 18433 | Orc:2    | Reached skill level 15 in Shields
 18448 | Orc:2    | Paralysed by an orc sorcerer for 2 turns
 18453 | Orc:2    | Found Acwaothe's Antique Armour Boutique.
 18453 | Orc:2    | Found Bile Wem's Book Shop.
 18454 | Orc:2    | Found a one-way gate leading to the halls of Pandemonium.
 18462 | Orc:2    | Bought a distressingly furry plate armour for 784 gold
                  | pieces
 18462 | Orc:2    | Identified the +1 plate armour of the Robin {Rampage Dex+3}
                  | (You bought it in a shop on level 2 of the Orcish Mines)
 19229 | Orc:1    | Found Vuclask's Armour Emporium.
 19439 | Lair:1   | Entered Level 1 of the Lair of Beasts
 19480 | Lair:1   | Found a gate leading to a gauntlet.
 19547 | Gauntlet | Entered a Gauntlet
 19547 | Gauntlet | Found a transporter.
 19547 | Gauntlet | Found a transporter.
 19549 | Gauntlet | Found a transporter.
 19549 | Gauntlet | Found a transporter.
 19553 | Gauntlet | Found a transporter.
 19553 | Gauntlet | Found a transporter.
 19577 | Gauntlet | Found a runed translucent gate.
 19577 | Gauntlet | Found a runed translucent gate.
 19577 | Gauntlet | Found a runed translucent gate.
 19579 | Gauntlet | Found a transporter.
 19583 | Gauntlet | Found a transporter.
 19599 | Gauntlet | Found a transporter.
 19621 | Gauntlet | Found a transporter.
 19626 | Gauntlet | Found a transporter.
 19641 | Gauntlet | Found a transporter.
 19704 | Gauntlet | Reached skill level 15 in Axes
 19775 | Gauntlet | Identified the amulet of Kilagic {Spirit rF+}
 19810 | Gauntlet | Identified the ring of Qeire Teall {Fire rPois Dex-2 SInv
                  | Stlth+}
 20807 | Lair:2   | Found a staircase to the Shoals.
 21666 | Lair:3   | Received a gift from Trog
 21698 | Lair:3   | Reached skill level 16 in Axes
 22354 | Lair:3   | Found a staircase to the Snake Pit.
 22800 | Lair:4   | Identified the +4 quarterstaff of Dokutu {vorpal, *Slow
                  | rElec rPois}
 23433 | Lair:4   | Received a gift from Trog
 24112 | Lair:6   | Entered Level 6 of the Lair of Beasts
 24156 | Lair:6   | Acquired 797 gold pieces
 24610 | Lair:6   | Reached skill level 15 in Fighting
 24664 | Lair:6   | Found a viscous altar of Jiyva.
 24664 | Lair:6   | Found a staircase to the Slime Pits.
 24812 | Lair:6   | Reached skill level 17 in Axes
 24846 | Lair:6   | Reached XP level 17. HP: 151/156 MP: 16/16
 24931 | Lair:6   | Identified the Collected Works on Moulding and Flames
 25447 | Shoals:1 | Entered Level 1 of the Shoals
 25576 | Shoals:1 | Received a gift from Trog
 26335 | Shoals:2 | HP: 6/156 [merfolk/+0 trident (4)]
 26335 | Shoals:2 | Mangled by a merfolk

Illustrated notes

Levels and vault maps discovered:
D:1:      dpeg_arrival_ternary, layout_basic, chequers_ecumenical_altar_twisty
D:2:      layout_rooms, uniq_jessica
D:3:      layout_basic, nicolae_ru_the_path_less_chosen,
          chequers_temple_overflow_minitemple, portal_sewer_entry_e,
          minmay_distorted
D:4:      layout_rooms, nicolae_dithmenos_the_darkroom,
          eat_drink_and_be_merry_uskayaw, nicolae_overflow_hidden_temple,
          minivault_19, minmay_crystal_room, uniq_blork_the_orc, uniq_eustachio
D:5:      layout_layer_cave, nrook_loot_triangle
D:6:      layout_basic, lemuel_round_altar, minmay_temple_entry_enclosed_plants,
          serial_shops, nicolae_shop_stone
D:7:      layout_basic, lemuel_tele_altar, serial_shops, nicolae_shop_trees
D:8:      layout_basic, old_standard_altar, amcnicky_altar_gilded,
          minmay_misc_feat_pillars, kennysheep_generic_room_16, uniq_grum
D:9:      layout_irregular_city, grunt_gozag_breadcrumbs, minmay_pinched_square
D:10:     layout_gridville, overflow_temple_1_default, erik_orc_3,
          hellmonk_ghost_happy_afterlife, enter_bailey_3,
          hangedman_decor_clover_reticule
D:11:     layout_rooms, dpeg_oklobed_lair, led_sif_book
D:12:     layout_roguey, minmay_misc_feat_plants
D:13:     layout_basic, elyvilon_altar_4
D:14:     layout_layer_cave, erik_vaults_1, minmay_misc_feat_room,
          chequers_jeans, nrook_campfire, hangedman_little_slice_of_home
D:15:     grunt_enter_depths_hoard, layout_stronghold, serial_shops, shop, shop,
          nicolae_shop_window_shopping, minivault_25, uniq_roxanne
Temple:   nicolae_temple_figure_zero
Lair:1:   layout_regular_city, gauntlet_entry_generic, grunt_megastairs_4
Lair:2:   layout_regular_city, minmay_shoals_entry_beasts, beast_lair_carwin_10
Lair:3:   layout_loops_ring, minmay_snake_entry_spellcaster,
          chequers_serial_rivers_room_b, serial_bayou_shore_a
Lair:4:   layout_long_grid, serial_bayou_pond_d, chequers_serial_rivers_room_b,
          roderic_carrion_pond
Lair:5:   layout_roguey
Lair:6:   gammafunk_lair_ancient_temple, layout_hall_layers, slime_altar_1
Shoals:1: layout_shoals, nicolae_shoals_square_sea_wall
Shoals:2: layout_shoals
Shoals:3: layout_shoals, serial_shops, nicolae_shop_statue_plus,
          nicolae_shop_window_shopping, shop, nicolae_shoals_seven_spires
Orc:1:    layout_diamond_mine, serial_shops, nicolae_shop_behind_doors
Orc:2:    pf_orc_diabolical, layout_caves

Skill      XL: |  1  2  3  4  5  6  7  8  9 10 11 12 13 14 15 16 17 |
---------------+----------------------------------------------------+-----
Axes           | 4 5 6 7 11 12 14 17 | 17.7
Fighting       | 4 5 6 7 8 9 11 13 15 | 15.4
Shields        | 2 3 4 5 6 8 10 12 13 14 15 | 15.0
Armour         | 3 4 5 6 7 8 9 10 11 13 | 13.2
Dodging        | 3 4 5 6 7 8 9 10 | 10.7
Maces & Flails | 1 3 6 8 10 | 10.9
Stealth        | 1 |  1.4
Polearms       | 6 |  6.2
Throwing       | 1 2 3 |  3.2

Action                   |  1- 3 |  4- 6 |  7- 9 | 10-12 | 13-15 | 16-18 || total
-------------------------+-------+-------+-------+-------+-------+-------++-------
Melee: Hand axe          |    61 |    56 |    15 |       |     5 |    51 ||   188
       Headbutt          |     8 |    13 |    85 |   199 |   124 |   174 ||   603
       Mace              |       |    29 |   282 |   127 |       |       ||   438
       Trident           |       |       |       |   251 |       |       ||   251
       War axe           |       |       |       |   209 |   245 |       ||   454
       Broad axe         |       |       |       |       |   158 |   700 ||   858
       Executioner's axe |       |       |       |       |       |     7 ||     7
Throw: Stone             |       |       |       |    40 |       |       ||    40
       Boomerang         |       |       |       |       |       |    41 ||    41
Invok: Berserk           |     1 |     2 |     1 |     1 |     1 |     1 ||     7
       Trog's Hand       |       |     2 |     7 |     5 |     7 |     3 ||    24
       Brothers in Arms  |       |       |       |     3 |     3 |     5 ||    11
  Use: Scroll            |       |       |     8 |    10 |     7 |     9 ||    34
       Potion            |       |       |       |     4 |     3 |     1 ||     8
Armor: Leather armour    |     8 |     1 |       |       |       |       ||     9
       Animal skin       |     1 |       |       |       |       |       ||     1
       Ring mail         |       |     9 |    29 |       |       |       ||    38
       Scale mail        |       |       |    66 |   135 |    36 |       ||   237
       Chain mail        |       |       |       |       |    26 |   272 ||   298
Dodge: Dodged            |    19 |    18 |    73 |   128 |    88 |   263 ||   589
Block: Kite shield       |    48 |    58 |   303 |   501 |   331 |   827 ||  2068
       Reflection        |     1 |     2 |     2 |    36 |    12 |    16 ||    69
       Other             |       |       |       |       |       |     2 ||     2

Table legend: (Time is in decaauts)
 A = Elapsed time spent in this place.
 B = Non-inter-level travel time spent in this place.
 C = Inter-level travel time spent in this place.
 D = Time resting spent in this place.
 E = Time spent auto-exploring this place.
 F = Levels seen in this place.
 G = Mean time per level.
                   A        B        C        D        E       F      G
               +--------+--------+--------+--------+--------+-----+--------+
         Total |  26474 |  24581 |   1893 |    263 |  16658 |  31 |  854.0 |
       Dungeon |  15798 |  14570 |   1228 |     25 |  10106 |  15 | 1053.2 |
        Temple |    123 |    114 |      9 |      0 |    113 |   1 |  123.0 |
          Lair |   5581 |   5069 |    512 |      0 |   3478 |   6 |  930.2 |
        Shoals |    955 |    919 |     36 |    203 |    498 |   3 |  318.3 |
  Orcish Mines |   2327 |   2219 |    108 |      0 |   1761 |   2 | 1163.5 |
         Abyss |    136 |    136 |      0 |      0 |     60 |   1 |  136.0 |
         Sewer |    236 |    236 |      0 |     35 |      0 |   1 |  236.0 |
        Bailey |    967 |    967 |      0 |      0 |    515 |   1 |  967.0 |
      Gauntlet |    346 |    346 |      0 |      0 |    126 |   1 |  346.0 |
               +--------+--------+--------+--------+--------+-----+--------+

Top non-repeatable levels by time:
   Orc:2: 1819 daAuts
    D:15: 1781 daAuts
     D:3: 1480 daAuts
     D:9: 1388 daAuts
  Lair:4: 1174 daAuts
  Lair:3: 1149 daAuts
     D:5: 1121 daAuts
    D:10: 1114 daAuts
     D:8: 1092 daAuts
    D:13: 1083 daAuts
    D:12: 1077 daAuts
    D:14: 1038 daAuts
  Lair:1: 979 daAuts
  Bailey: 967 daAuts
    D:11: 923 daAuts
